Cogmind - Beta 16 --- EXPLORER MODE // 2025.11.21 @ 18:41:07 Player: K.K.Y. Result: Destroyed by P-60 Hacker with Shock Rifle Performance ------------- Evolutions (4) 2000 Regions Visited (8) 1600 Robots Destroyed (122) 610 Value Destroyed (4492) 4492 Prototype IDs (40) 800 Alien Tech Used (0) 0 Bonus (955) 955 TOTAL SCORE: 10457 Bonus ------- Follower Combat Kills 155 Registered with UFD 300 Met Optimus in HQ 500 Cogmind --------- Core Integrity 0/850 Matter 271/300 Energy 346/350 System Corruption 12% Temperature Cool (6) Movement Walking (116) Location -6/Factory Parts ------- > --- POWER (2) -------- Enhanced Nuclear Core Light Angular Momentum Engine > --- PROPULSION (5) --- Carbon-fiber Leg Improved Carbon-fiber Leg Improved Titanium Leg Flexi-carbon Leg Armored Leg > --- UTILITY (7) ------ Advanced Heat Sink Advanced Heat Sink High-capacity Storage Unit Powered Armor A0-MCA's Component Scanner > --- WEAPON (2) ------- Improved Lightning Gun Remote Datajack (fused) > --- INVENTORY (20) --- Advanced Treads Advanced Treads Improved Medium Treads Flightbrick Scrap Suit Large Storage Unit Humpback Advanced Weight Redist. System Machine Analyzer Advanced Sensor Array Advanced Terrain Scanner Improved Terrain Scan Processor Experimental Terrain Scan Processor Force Field Plasma Cannon Peak State ------------ > --- POWER ------------ Enhanced Nuclear Core Enhanced Nuclear Core > --- PROPULSION ------- Improved Carbon-fiber Leg Flexi-carbon Leg Flexi-carbon Leg Flexi-carbon Leg Flexi-carbon Leg > --- UTILITY ---------- Advanced Heat Sink Advanced Heat Sink Advanced Heat Sink High-capacity Storage Unit A0-MCA's Component Scanner Improved System Restoration Module High-powered Tractor Beam > --- WEAPON ----------- Force Rifle Force Rifle > --- INVENTORY -------- Advanced Treads Advanced Treads Improved Medium Treads Flightbrick Scrap Suit Large Storage Unit Humpback Advanced Weight Redist. System Machine Analyzer Advanced Sensor Array Advanced Terrain Scanner Improved Terrain Scan Processor Experimental Terrain Scan Processor Force Field Plasma Cannon [Rating: 88] Favorites ----------- Power Enhanced Nuclear Core Engine Ion Engine Power Core Enhanced Nuclear Core Reactor Cold Fusion Reactor Propulsion Advanced Treads Treads Advanced Treads Leg Flexi-carbon Leg Utility Large Storage Unit Device Structural Scanner Storage Large Storage Unit Processor A0-MCA's Component Scanner Protection Makeshift Light Armor Plating Weapon Advanced Beam Cannon Energy Gun Force Rifle Energy Cannon Advanced Beam Cannon Ballistic Gun Coil Gun Ballistic Cannon Magnetic Acceleration Cannon Launcher Improved Proton Missile Launcher Special Weapon Remote Datajack Slashing Weapon Ripper Build | -11 -10 -10 -10 -8 -8 -6 -6 -6 ------- Run | Yrd Mat Min Sub Rec Scr Fac Was Fac Slots Evolved 9 | . 1 . . . . 8 . . Power 1 | . . . . . . 1 . . Propulsion 3 | . . . . . . 3 . . Utility 5 | . 1 . . . . 4 . . Weapon . | . . . . . . . . . Parts Attached 95 | 5 5 2 10 3 6 53 1 10 Power 15 | 1 . . 3 . 1 8 . 2 Engine 10 | 1 . . 2 . . 6 . 1 Core 4 | . . . 1 . 1 2 . . Reactor 1 | . . . . . . . . 1 Propulsion 35 | 2 . . 4 2 . 22 . 5 Treads 9 | 2 . . 4 2 . 1 . . Leg 26 | . . . . . . 21 . 5 Wheel . | . . . . . . . . . Hover . | . . . . . . . . . Flight . | . . . . . . . . . Utility 24 | 1 3 1 2 . 5 10 . 2 Device 14 | . 2 1 1 . 2 7 . 1 Storage 3 | 1 1 . . . 1 . . . Processor 2 | . . . . . 1 1 . . Hackware . | . . . . . . . . . Protection 5 | . . . 1 . 1 2 . 1 Artifact . | . . . . . . . . . Weapon 21 | 1 2 1 1 1 . 13 1 1 Energy Gun 4 | . . . . . . 3 . 1 Energy Cannon 4 | . 1 1 1 1 . . . . Ballistic Gun 7 | 1 1 . . . . 5 . . Ballistic Cannon 1 | . . . . . . 1 . . Launcher 1 | . . . . . . 1 . . Special Weapon 3 | . . . . . . 2 1 . Impact Weapon . | . . . . . . . . . Slashing Weapon 1 | . . . . . . 1 . . Piercing Weapon . | . . . . . . . . . Special Melee Weapon . | . . . . . . . . . Unidentified Prototypes 5 | . 1 . . . . 2 . 2 Corrupted Parts 1 | . . . . . . . . 1 System Corruption 1 | . . . . . . . . 1 Parts Lost 44 | . . . 7 . . 36 1 . Power 7 | . . . 2 . . 5 . . Propulsion 16 | . . . 2 . . 13 1 . Utility 10 | . . . 2 . . 8 . . Weapon 11 | . . . 1 . . 10 . . Highest Loss Streak 9 | . . . 4 . . 9 1 . To Critical Strikes . | . . . . . . . . . Average Backups 11 | 1 2 6 10 9 10 14 15 15 Power . | . . . . . . . . . Propulsion 2 | . 1 2 3 2 1 3 4 4 Utility 5 | . . . 2 4 7 10 10 10 Weapon 2 | . 1 4 4 3 2 1 1 1 Tool/Special . | . . . . . . . . . Unused Backups 21 | . 1 2 1 1 4 . . 12 Power 2 | . . 1 1 . . . . . Propulsion 2 | . . . . . . . . 2 Utility 14 | . 1 . . . 4 . . 9 Weapon 3 | . . 1 . 1 . . . 1 Tool/Special . | . . . . . . . . . Average Slot Usage (%) 89 | . 78 99 90 100 96 78 58 80 Engine 4 | . 12 12 8 . . 2 . 5 Core 6 | . . . 2 12 12 6 6 6 Treads 17 | . 24 25 23 25 25 1 . . Leg 6 | . . . . . . 21 27 30 Device 13 | . 9 25 12 12 11 13 6 7 Storage 10 | . 12 12 12 12 12 6 6 6 Processor 4 | . . . . . 7 9 6 6 Protection 3 | . . . 3 12 1 5 . 5 Energy Gun 1 | . . . . . . 6 . 5 Energy Cannon 16 | . 1 24 25 25 25 . . . Ballistic Gun 1 | . 17 . . . . 2 . . Peak Build Rating 88 | 5 10 15 25 29 36 88 48 74 Average Rating 34 | 2 6 13 19 28 32 65 45 66 On Entrance 23 | . 5 10 15 25 29 36 44 45 Avg Prop Armor Cover (%) 8 | . . . . . . 8 . . Naked Turns . | . . . . . . . . . Heaviest Build 78 | 17 37 35 38 40 58 78 52 77 Greatest Support 98 | 40 40 40 40 44 44 98 75 89 Greatest Overweight (x) 18 | . 1 . 12 . 1 18 1 . Average Overweight (x) . | . . . . . . . . . Largest Inventory Capacity 20 | 10 15 15 15 15 20 20 20 20 Average Capacity 16 | 7 14 15 15 15 15 20 20 20 Most Carried 20 | 5 8 9 15 15 20 20 20 20 Average Carried 14 | 1 2 6 12 14 15 19 20 20 Final Capacity 20 | 10 15 15 15 15 20 20 20 20 Final Carried 20 | . 7 9 14 15 20 20 20 20 Class Distribution -------------------- 81% | Hacker-Mutant 18% | Scavenger-Mutant Dominant Class ---------------- Hacker-Mutant | -10/Materials Hacker-Mutant | -10/Mines Hacker-Mutant | -10/Subcaves Hacker-Mutant | -8/Recycling Hacker-Mutant | -8/Scraptown Scavenger-Mutant | -6/Factory Scavenger-Mutant | -6/Waste Hacker-Mutant | -6/Factory Resources | -11 -10 -10 -10 -8 -8 -6 -6 -6 ----------- Run | Yrd Mat Min Sub Rec Scr Fac Was Fac Matter Collected 2038 | 144 276 60 100 30 30 1217 . 181 Remotely 725 | . . . . . . 725 . . Salvage Created 6113 | . 375 352 988 158 . 3966 . 274 Parts 286 | . 29 22 41 10 . 179 . 5 Haulers Intercepted 7 | . 2 . . . . 5 . . Recyclers Shooed 8 | . 5 . . . . 3 . . Parts Field Recycled . | . . . . . . . . . Retrieved Matter . | . . . . . . . . . Parts Self-Destructed . | . . . . . . . . . Prevented . | . . . . . . . . . Parts Restored . | . . . . . . . . . Kills | -11 -10 -10 -10 -8 -8 -6 -6 -6 ------- Run | Yrd Mat Min Sub Rec Scr Fac Was Fac Combat Hostiles Destroyed 86 | . 1 7 22 3 . 49 . 4 Melee 2 | . . . . . . 2 . . Guns 46 | . 1 . . . . 42 . 3 Cannons 31 | . . 7 17 3 . 4 . . Classes Destroyed 17 | . 6 3 3 . . 4 . 1 Worker 4 | . 1 . . . . 3 . . Builder 7 | . 3 1 . . . 3 . . Tunneler 4 | . . 4 . . . . . . Hauler 7 | . 2 . . . . 5 . . Recycler 4 | . 1 1 . . . 2 . . Operator 1 | . . . . . . . . 1 Turret 2 | . . . 2 . . . . . Watcher 6 | . 3 . . . . 3 . . Swarmer 6 | . . 1 3 . . 2 . . Grunt 34 | . 1 4 2 . . 24 . 3 Brawler 1 | . . . . . . 1 . . Duelist 3 | . . . . . . 3 . . Sentry 10 | . . . 1 3 . 6 . . Demolisher 2 | . . 2 . . . . . . Hunter 6 | . . . . . . 5 . 1 Programmer 8 | . . . . . . 8 . . Subdweller 17 | . . . 17 . . . . . Best Kill Streak 8 | . 4 2 5 1 . 8 . 3 Combat Bots Only 7 | . 1 2 3 1 . 7 . 3 Max Kills in Single Turn 2 | . 1 1 1 1 . 2 . 1 Gunslinging 1 | . . . . . . 1 . . Exploded . | . . . . . . . . . Melee 1 | . . . . . . 1 . . Uniques/NPCs Destroyed . | . . . . . . . . . Combat | -11 -10 -10 -10 -8 -8 -6 -6 -6 -------- Run | Yrd Mat Min Sub Rec Scr Fac Was Fac Hostile Shots Fired 1132 | . 1 17 201 4 . 868 2 39 Missed 369 | . . 6 65 . . 282 1 15 Hits 763 | . 1 11 136 4 . 586 1 24 Melee 25 | . . . . . . 24 1 . Projectile 738 | . 1 11 136 4 . 562 . 24 AOE 3 | . . 1 . . . 2 . . Critical Strikes 17 | . . . . . . 16 1 . Actively Blocked 1 | . . . . . . 1 . . Part Disruptions 1 | . . . . . . 1 . . Damage Taken 6505 | . 7 107 1103 38 . 4972 22 256 Core 1043 | . 7 37 137 9 . 844 . 9 Absorbed by Shields 308 | . . . . . . 308 . . Redirected to Shielding 43 | . . . . . . 43 . . Ignored by Resistances 4152 | . 5 65 635 23 . 3262 12 150 Regen/Repaired (Parts) 454 | . . . . . 454 . . . Core Remaining (%) 62 | 100 . . . . 24 . . . Volleys Fired 607 | . 31 24 289 8 . 224 1 30 Largest 2 | . 2 2 2 2 . 2 1 1 Hottest 160 | . 40 136 136 143 . 160 5 60 Shots Fired 1073 | . 40 43 578 16 . 363 1 32 Gun 392 | . 40 . . . . 320 . 32 Cannon 675 | . . 43 578 16 . 38 . . Launcher . | . . . . . . . . . Special 6 | . . . . . . 5 1 . Kinetic 200 | . 40 . . . . 160 . . Thermal 840 | . . 43 578 16 . 203 . . Explosive . | . . . . . . . . . Electromagnetic 32 | . . . . . . . . 32 Robot Hit Streak 45 | . 10 28 36 15 . 45 15 34 Robot Miss Streak 2 | . 1 1 1 . . 2 . 1 Penetration Max 1 | . . . . . . 1 . . Secondary Targets 10 | . . . . . . 10 . . Max Gunslinging Chain 1 | . . . . . . 1 . . Shots Hit Robots 544 | . 31 36 111 10 . 327 1 28 Core Hits 206 | . 13 15 35 4 . 127 . 12 Critical Kills 12 | . . . 4 . . 8 . . Critical Parts Destroyed 16 | . 1 . . . . 15 . . Critical Strikes 30 | . 1 . 4 . . 25 . . Meltdown 4 | . . . 4 . . . . . Destroy 25 | . 1 . . . . 24 . . Sever 1 | . . . . . . 1 . . Melee Attacks 13 | . . . . . . 13 . . Impact . | . . . . . . . . . Slashing 13 | . . . . . . 13 . . Piercing . | . . . . . . . . . Sneak Attacks 1 | . . . . . . 1 . . Combat Hostiles . | . . . . . . . . . Follow-up Attacks . | . . . . . . . . . Damage Inflicted 11758 | . 400 721 2299 223 . 7567 . 548 Guns 7221 | . 400 . . . . 6273 . 548 Cannons 3993 | . . 721 2299 222 . 751 . . Explosions . | . . . . . . . . . Melee 436 | . . . . . . 436 . . Ramming 40 | . . . . 1 . 39 . . Kinetic 3327 | . 400 . . . . 2927 . . Thermal 7407 | . . 721 2299 222 . 4165 . . Explosive . | . . . . . . . . . Electromagnetic 548 | . . . . . . . . 548 Impact . | . . . . . . . . . Slashing 436 | . . . . . . 436 . . Piercing . | . . . . . . . . . Highest Corruption 12 | . . . . . . 2 11 12 Average Corruption 5 | . . . . . . 1 7 11 Corruption Purged 6 | . . . . . . 6 . . Corruption Blocked . | . . . . . . . . . Effects 34 | . . . . . . 5 8 21 Message Errors 5 | . . . . . . 1 1 3 Matter Fused 6 | . . . . . . . 1 5 Heat Flow Errors 3 | . . . . . . . 1 2 Energy Discharges 8 | . . . . . . 3 1 4 Parts Rejected 2 | . . . . . . . 2 . Parts Fused 1 | . . . . . . . 1 . Data Loss (minor) 5 | . . . . . . 1 1 3 Data Loss (major) 2 | . . . . . . . . 2 Misfires 2 | . . . . . . . . 2 Overload Shots . | . . . . . . . . . Overflow Damage 35 | . . 14 15 . . 6 . . Projectiles 35 | . . 14 15 . . 6 . . Explosions . | . . . . . . . . . Melee . | . . . . . . . . . Knockbacks . | . . . . . . . . . Impact . | . . . . . . . . . Kinetic . | . . . . . . . . . Secondary . | . . . . . . . . . Self-Inflicted Damage . | . . . . . . . . . Shots . | . . . . . . . . . Rammed 1 | . . . . 1 . . . . Targets Rammed 8 | . . . . 1 . 7 . . Kicked 7 | . . . . . . 7 . . Crushed . | . . . . . . . . . Highest Temperature 488 | . . 452 273 258 . 488 72 339 Average Temperature 96 | . . 127 56 91 . 126 50 120 Received Heat Transfer 2661 | . 6 72 396 18 . 2088 . 81 Effects 15 | . . 2 . . . 12 . 1 Shutdowns 5 | . . 1 . . . 4 . . Energy Bleed 1 | . . . . . . . . 1 Interference 5 | . . . . . . 5 . . Matter Decay 1 | . . 1 . . . . . . Short Circuit 2 | . . . . . . 2 . . Damage (minor) 1 | . . . . . . 1 . . Siege Activations . | . . . . . . . . . Martial Activations . | . . . . . . . . . Shielding Activations . | . . . . . . . . . Robots Disrupted . | . . . . . . . . . Combat Hostiles . | . . . . . . . . . Robots Corrupted 1 | . . . . . . . . 1 Combat Hostiles 1 | . . . . . . . . 1 Parts Fried 5 | . . . . . . . . 5 Impact Corruptions . | . . . . . . . . . Robots Melted 6 | . . . 5 . . 1 . . Combat Hostiles 6 | . . . 5 . . 1 . . Parts Melted 28 | . . . 12 . . 16 . . Heat Transferred 12227 | . . 1295 4144 370 . 6418 . . Parts Sabotaged . | . . . . . . . . . Parts Stolen . | . . . . . . . . . Parts Stripped . | . . . . . . . . . Power Chain Reactions . | . . . . . . . . . Alert | -11 -10 -10 -10 -8 -8 -6 -6 -6 ------- Run | Yrd Mat Min Sub Rec Scr Fac Was Fac Maximum Alert Level . | . . . . . . . . . Low Security (%) 100 | 100 100 100 . 100 . 100 100 100 Level 1 . | . . . . . . . . . Level 2 . | . . . . . . . . . Level 3 . | . . . . . . . . . Level 4 . | . . . . . . . . . Level 5 . | . . . . . . . . . High Security . | . . . . . . . . . Max Security . | . . . . . . . . . Peak Influence 105 | . 30 50 . 21 . 105 . 70 Initial . | . . . . . . . . . Average 8 | . 1 4 . . . 14 . 7 Influence Increases 2347 | . 106 221 186 72 . 1628 . 134 Destroy 0b10 Robot/C 1440 | . 20 140 160 60 . 980 . 80 Destroy 0b10 Robot/NC 165 | . 50 30 . . . 80 . 5 Destroy Leader 366 | . 20 40 10 . . 276 . 20 Allied During Kill 4 | . . 3 1 . . . . . Successful Hack 95 | . 16 . . 8 . 61 . 10 Disable Machine 24 | . . 8 . . . 12 . 4 Destroy Structure 13 | . . . . 4 . 9 . . Lose Combat Pursuer 240 | . . . 15 . . 210 . 15 Influence Decreases 2347 | . 106 221 186 72 . 1628 . 134 Time Decay 2082 | . 103 221 186 72 . 1366 . 134 Lost Part 262 | . . . . . . 262 . . Purge Threat 3 | . 3 . . . . . . . Squads Dispatched 20 | . 1 . . . . 17 . 2 Investigation 6 | . 1 . . . . 4 . 1 Extermination 8 | . . . . . . 7 . 1 Reinforcement 5 | . . . . . . 5 . . Assault . | . . . . . . . . . Garrison 1 | . . . . . . 1 . . Intercept . | . . . . . . . . . Searches Triggered . | . . . . . . . . . Construction Impeded . | . . . . . . . . . Haulers Reinforced 1 | . . . . . . 1 . . Active Scanning Responses . | . . . . . . . . . Cargo Convoy Interrupts . | . . . . . . . . . Stealth | -11 -10 -10 -10 -8 -8 -6 -6 -6 --------- Run | Yrd Mat Min Sub Rec Scr Fac Was Fac Distress Signals 6 | . 1 . . . . 5 . . Communications Jammed . | . . . . . . . . . Distress Signals . | . . . . . . . . . Times Spotted 135 | . 6 8 28 1 . 79 6 7 Peak Tracking Total 6 | . 3 2 5 1 . 6 6 3 Tactical Retreats 11 | . . . 1 . . 8 1 1 Traps | -11 -10 -10 -10 -8 -8 -6 -6 -6 ------- Run | Yrd Mat Min Sub Rec Scr Fac Was Fac Traps Triggered 7 | . 1 . 1 . . 5 . . Indirectly . | . . . . . . . . . Trap Hack Attempts . | . . . . . . . . . Triggered . | . . . . . . . . . Disarmed . | . . . . . . . . . Reprogrammed 6 | . 6 . . . . . . . Reused . | . . . . . . . . . Traps Extracted . | . . . . . . . . . Installed . | . . . . . . . . . Triggered . | . . . . . . . . . Machines | -11 -10 -10 -10 -8 -8 -6 -6 -6 ---------- Run | Yrd Mat Min Sub Rec Scr Fac Was Fac Machines Disabled 8 | . . 2 2 . . 3 . 1 Max in Single Turn 1 | . . 1 1 . . 1 . 1 Machines Repaired . | . . . . . . . . . Machines Dismantled . | . . . . . . . . . Machines Sabotaged . | . . . . . . . . . Overloaded Fab Kills . | . . . . . . . . . Hacking | -11 -10 -10 -10 -8 -8 -6 -6 -6 --------- Run | Yrd Mat Min Sub Rec Scr Fac Was Fac Machines Accessed 34 | . 4 . 2 7 3 17 . 1 Terminals 19 | . 4 . . 5 . 9 . 1 Fabricators 3 | . . . . . . 3 . . Repair Stations 1 | . . . . . . 1 . . Recycling Units 3 | . . . . 2 . 1 . . Scanalyzers 2 | . . . . . . 2 . . Garrison Access 1 | . . . . . . 1 . . Total Hacks 77 | . 15 . 4 20 5 30 . 3 Successful 61 | . 12 . 4 17 5 22 . 1 Failed 16 | . 3 . . 3 . 8 . 2 Catastrophic 2 | . . . . . . 2 . . Database Lockouts . | . . . . . . . . . Manual 44 | . 6 . 1 8 1 25 . 3 Terminals 47 | . 15 . . 17 . 12 . 3 Fabricators 7 | . . . . . . 7 . . Repair Stations 1 | . . . . . . 1 . . Recycling Units 6 | . . . . 3 . 3 . . Scanalyzers 5 | . . . . . . 5 . . Garrison Access 2 | . . . . . . 2 . . Terminal Hacks 23 | . 7 . 4 7 5 . . . Record 8 | . 1 . 3 . 4 . . . Part Schematic 2 | . . . . 2 . . . . Robot Analysis 1 | . . . . 1 . . . . Prototype ID Bank 2 | . . . . 2 . . . . Unreport Threat 1 | . 1 . . . . . . . Reprogram Traps 1 | . 1 . . . . . . . Security Status 1 | . 1 . . . . . . . Transport Status 1 | . . . . 1 . . . . Hauler Manifests 1 | . 1 . . . . . . . Zone Layout 3 | . 2 . . 1 . . . . Proto ID Catalog 2 | . . . 1 . 1 . . . Fabricator Hacks 2 | . . . . . . 2 . . Network Status 2 | . . . . . . 2 . . Repair Station Hacks . | . . . . . . . . . Recycling Unit Hacks 2 | . . . . 2 . . . . Report Inventory 1 | . . . . 1 . . . . Retrieve Components 1 | . . . . 1 . . . . Scanalyzer 4 | . . . . . . 4 . . Retrieve Study 4 | . . . . . . 4 . . Garrison Access Hacks . | . . . . . . . . . Unauthorized Hacks 30 | . 5 . . 8 . 16 . 1 Terminals 21 | . 5 . . 7 . 8 . 1 Track 2 | . 1 . . 1 . . . . Assimilate 3 | . 2 . . 1 . . . . Botnet 16 | . 2 . . 5 . 8 . 1 Fabricators 4 | . . . . . . 4 . . Prioritize 1 | . . . . . . 1 . . Fabnet 3 | . . . . . . 3 . . Repair Stations 1 | . . . . . . 1 . . Mechanics 1 | . . . . . . 1 . . Recycling Units 3 | . . . . 1 . 2 . . Recyclers 1 | . . . . . . 1 . . Mask 2 | . . . . 1 . 1 . . Scanalyzers . | . . . . . . . . . Garrison Access 1 | . . . . . . 1 . . Reprogram 1 | . . . . . . 1 . . Data Cores Recovered . | . . . . . . . . . Used . | . . . . . . . . . Hacking Detections 18 | . 3 . . 5 . 9 . 1 Full Trace Events 6 | . 1 . . 1 . 3 . 1 Feedback Events 1 | . . . . . . 1 . . Corruption 1 | . . . . . . 1 . . Feedback Blocked . | . . . . . . . . . Robot Schematics Acquired . | . . . . . . . . . Robots Built . | . . . . . . . . . Authchips . | . . . . . . . . . Time . | . . . . . . . . . Total Robot Build Rating . | . . . . . . . . . Part Schematics Acquired 2 | . . . . 2 . . . . Parts Built . | . . . . . . . . . Authchips . | . . . . . . . . . Time . | . . . . . . . . . Total Part Build Rating . | . . . . . . . . . Part Studies Acquired 4 | . . . . . . 4 . . Parts Repaired . | . . . . . . . . . Time . | . . . . . . . . . Parts Recycled . | . . . . . . . . . Recycled Matter . | . . . . . . . . . Retrieved Matter . | . . . . . . . . . Retrieved Components 3 | . . . . 3 . . . . Parts Scanalyzed . | . . . . . . . . . Part Schematics Acquired . | . . . . . . . . . Parts Damaged . | . . . . . . . . . Bothacking | -11 -10 -10 -10 -8 -8 -6 -6 -6 ------------ Run | Yrd Mat Min Sub Rec Scr Fac Was Fac Used RIF Installer . | . . . . . . . . . Robots Hacked . | . . . . . . . . . Non-combat . | . . . . . . . . . Combat . | . . . . . . . . . Robot Hacks Applied . | . . . . . . . . . Relay Couplers Released . | . . . . . . . . . Fabnet Peak Effective % . | . . . . . . . . . Robots Rewired . | . . . . . . . . . Allies Hacked . | . . . . . . . . . Hacks Repelled . | . . . . . . . . . Allies | -11 -10 -10 -10 -8 -8 -6 -6 -6 -------- Run | Yrd Mat Min Sub Rec Scr Fac Was Fac Total Allies 3 | . . 3 . . . . . . Largest Group 3 | . . 3 3 . . . . . Highest-Rated Group 40 | . . 40 40 . . . . . Highest-Rated Ally 16 | . . 16 16 . . . . . Total Orders . | . . . . . . . . . Ally Attacks 39 | . . 1 38 . . . . . Total Damage 550 | . . . 550 . . . . . Kills 5 | . . . 5 . . . . . Allies Corrupted . | . . . . . . . . . Allies Melted . | . . . . . . . . . Intel | -11 -10 -10 -10 -8 -8 -6 -6 -6 ------- Run | Yrd Mat Min Sub Rec Scr Fac Was Fac Active Infowar (turns) 6295 | . 745 1272 3363 . 915 . . . Terrain 3190 | . 1 1272 1002 . 915 . . . Structural 5380 | . 745 1272 3363 . . . . . Robot Analysis Total 1 | . . . . 1 . . . . Derelict Logs Recovered 3 | . . 1 2 . . . . . Drone Launches . | . . . . . . . . . Drone Recoveries . | . . . . . . . . . Exploration | -11 -10 -10 -10 -8 -8 -6 -6 -6 ------------- Run | Yrd Mat Min Sub Rec Scr Fac Was Fac Turns Passed 17009 | 52 926 1272 4765 1089 4210 3812 209 674 Spaces Moved 9587 | 49 500 709 2034 696 2676 2218 183 522 Core 95 | 32 . . 33 . . 30 . . Treads 6679 | 17 500 709 2001 696 2676 80 . . Legs 2813 | . . . . . . 2108 183 522 Wheels . | . . . . . . . . . Hover . | . . . . . . . . . Flight . | . . . . . . . . . Fastest Speed 50 | 50 160 160 160 145 145 105 105 105 Average Speed 149 | 88 160 160 167 145 156 131 105 113 Slowest Speed 950 | 160 240 160 650 160 225 950 175 116 Overloaded Moves . | . . . . . . . . . Propulsion Burnouts . | . . . . . . . . . Robots Hopped . | . . . . . . . . . Potential Cave-ins 24 | . . . 24 . . . . . Cave-ins Triggered . | . . . . . . . . . Exploration Rate (%) 67 | 4 69 100 92 99 93 54 84 15 Regions Visited 8 Branch Regions 4 Pre-discovered Areas 5 | . . 1 4 . . . . . Known Exits Taken 6 | 1 1 1 1 1 1 . . . Unknown Exits Taken . | . . . . . . . . . Scrap Searched 20 | . . . 11 . 9 . . . Spaces Dug 199 | . . . 197 1 . 1 . . Terrain Destroyed 242 | . . . 232 4 . 6 . . Melee . | . . . . . . . . . Projectile 242 | . . . 232 4 . 6 . . AOE . | . . . . . . . . . Terrain Rammed . | . . . . . . . . . Walls Destroyed . | . . . . . . . . . Machines Disabled . | . . . . . . . . . Actions | -11 -10 -10 -10 -8 -8 -6 -6 -6 --------- Run | Yrd Mat Min Sub Rec Scr Fac Was Fac Total 11207 | 58 588 805 2806 757 2717 2709 196 571 Wait 787 | . 35 63 456 40 14 169 8 2 Move 9580 | 48 499 708 2033 695 2675 2218 182 522 Hop . | . . . . . . . . . Pick Up 55 | 5 12 5 11 5 11 6 . . Fast Attach 62 | . . . . . 3 47 5 7 Attach 26 | 5 6 1 7 . 2 5 . . Detach 5 | . 3 . . . 1 1 . . Swap 21 | . . 1 4 3 1 8 . 4 Drop 41 | . 2 3 4 5 10 11 . 6 Fire 607 | . 31 24 289 8 . 224 1 30 Melee 13 | . . . . . . 13 . . Ram . | . . . . . . . . . Kick 7 | . . . . . . 7 . . Crush 1 | . . . . 1 . . . . Escape Stasis . | . . . . . . . . . Rewire 2 | . . . 2 . . . . . Trap . | . . . . . . . . . Miscellaneous . | . . . . . . . . . Route ------- -11/Scrapyard -10/Materials (discovered 4 exits: *Mat x3 / *Min) -10/Mines (discovered 4 exits: *Mat x2 / *Exi / *Sub) -10/Subcaves (discovered 4 exits: *Mat x2 / *Rec / *Scr) -8/Recycling (discovered 2 exits: *Fac / *Scr) -8/Scraptown (discovered 2 exits: *Fac x2) -6/Factory (discovered 3 exits: *Fac x2 / *Low) -6/Waste -6/Factory History --------- Turn | Location | Event 4 | -11/Scrapyard | Identified exit to Materials 4 | -11/Scrapyard | Discovered exit to Materials (range 16) 53 | -11/Scrapyard | Entered Materials 53 | -10/Materials | Evolved 1 slot: Utility x1 243 | -10/Materials | Identified exit to Materials 243 | -10/Materials | Discovered exit to Materials (range 16) 312 | -10/Materials | Build established: Hacker-Mutant 402 | -10/Materials | Discovered exit to Materials (range 13) 442 | -10/Materials | Discovered exit to Materials (range 16) 956 | -10/Materials | Identified exit to Mines 956 | -10/Materials | Discovered exit to Mines (range 7) 979 | -10/Materials | Entered Mines 980 | -10/Mines | Learned location of Storage (-8) 1063 | -10/Mines | Assembled infested the area 1391 | -10/Mines | Identified exit to Subcaves 1391 | -10/Mines | Discovered exit to Subcaves (range 11) 1543 | -10/Mines | Assisted by bots powering up and referring to "LRC-V3" 1561 | -10/Mines | Learned Materials emergency access door positions 1583 | -10/Mines | Discovered exit to Materials (range 9) 1662 | -10/Mines | Discovered exit to Materials (range 16) 1691 | -10/Mines | Received a Rocket Launcher from a helpful Derelict 1711 | -10/Mines | Identified exit to Exiles 1711 | -10/Mines | Discovered exit to Exiles (range 14) 1759 | -10/Mines | Deemed a non-threat by the Exiles lab entrance 2057 | -10/Mines | Found a Scrap Suit stashed away for nefarious purposes 2060 | -10/Mines | Found Scrap Suit 2251 | -10/Mines | Entered Subcaves 2251 | -10/Subcaves | Accompanied by 3 allies 2252 | -10/Subcaves | Approached by a straggling Scientist 2760 | -10/Subcaves | Ambushed by Subdwellers from Twisted Machinery 2985 | -10/Subcaves | Visited Clippyterm 2990 | -10/Subcaves | Learned location of Deep Caves (-6) 3023 | -10/Subcaves | A swath of the cavern ceiling suddenly collapsed 3275 | -10/Subcaves | Identified exit to Materials 3275 | -10/Subcaves | Discovered exit to Materials (range 13) 3514 | -10/Subcaves | Learned location of Zion (-6) 3514 | -10/Subcaves | Met a Zionite searching for "candidates" 4502 | -10/Subcaves | Identified exit to Recycling 4502 | -10/Subcaves | Discovered exit to Recycling (range 13) 5075 | -10/Subcaves | Discovered exit to Materials (range 6) 5247 | -10/Subcaves | A swath of the cavern ceiling suddenly collapsed 5307 | -10/Subcaves | Shifting Twisted Machinery released Sub. Optics 5309 | -10/Subcaves | Shifting Twisted Machinery released Sub. Machine Gun 5334 | -10/Subcaves | Shifting Twisted Machinery released Mak. Hammer 5335 | -10/Subcaves | Shifting Twisted Machinery released Riot Gun 5360 | -10/Subcaves | Shifting Twisted Machinery released Sub. Machine Gun 5569 | -10/Subcaves | Visited 4L-MR0's lab 5674 | -10/Subcaves | Lost 4 parts (2n1u1w) 5875 | -10/Subcaves | Found Flightbrick 6439 | -10/Subcaves | Ambushed by Subdweller buried in earth 6765 | -10/Subcaves | Ambushed by Subdweller buried in earth 6921 | -10/Subcaves | Ambushed by Subdweller buried in earth 6933 | -10/Subcaves | Ambushed by Subdweller buried in earth 6939 | -10/Subcaves | Core integrity fell below 50% 6977 | -10/Subcaves | Ambushed by Subdweller buried in earth 7016 | -10/Subcaves | Entered Recycling 7017 | -8/Recycling | Met a Zionite searching for Scraptown 7551 | -8/Recycling | Identified exit to Factory 7551 | -8/Recycling | Discovered exit to Factory (range 16) 8068 | -8/Recycling | Scanned before Scraplab entrance 8103 | -8/Recycling | Identified exit to Scraptown 8103 | -8/Recycling | Discovered exit to Scraptown (range 2) 8105 | -8/Recycling | Entered Scraptown 8272 | -8/Scraptown | Heard Great Nut preacher, LISTEN AND RECITE! 8496 | -8/Scraptown | Discovered exit to Factory (range 5) 8651 | -8/Scraptown | Visited Bundlers 8760 | -8/Scraptown | Visited SPCMW 9082 | -8/Scraptown | Visited Shadow of the Wyrm 9145 | -8/Scraptown | Visited Spacefarers 9302 | -8/Scraptown | Visited CPS Storage 9323 | -8/Scraptown | Visited CR-KLE's Repair Center 9357 | -8/Scraptown | Visited Symbiants 9462 | -8/Scraptown | Visited UFD Registry 9462 | -8/Scraptown | Registered with UFD as "Longsourcer" 9522 | -8/Scraptown | Visited Science Guys 9581 | -8/Scraptown | Visited A0-MCA Data Center 9590 | -8/Scraptown | Given a B rating by A0-MCA 9596 | -8/Scraptown | Found A0-MCA's Component Scanner 9679 | -8/Scraptown | Visited Observation Area 9777 | -8/Scraptown | Visited Infowarlord's Domain 9793 | -8/Scraptown | Found Exp. Terrain Scan Processor 9833 | -8/Scraptown | Visited Scrap Suit Storage 9876 | -8/Scraptown | Visited Chapter 10 10161 | -8/Scraptown | Visited LU-1G1's Boring Crew 10239 | -8/Scraptown | Visited Curators Association 11341 | -8/Scraptown | Discovered exit to Factory (range 3) 11383 | -8/Scraptown | Visited Scrapoid Pod Storage 11923 | -8/Scraptown | CR-KLE repaired 5 parts 12180 | -8/Scraptown | Met Optimus 12180 | -8/Scraptown | Accepted into 0bPrime 12315 | -8/Scraptown | Entered Factory 12315 | -6/Factory | Evolved 8 slots: Power x1, Propulsion x3, Utility x4 12511 | -6/Factory | Lost 3 parts (1p1u1w) 12731 | -6/Factory | Lost 3 parts (1p2w) 12958 | -6/Factory | Lost 7 parts (1p5n1w) 13269 | -6/Factory | Build established: Scavenger-Mutant 13362 | -6/Factory | Garrison activated, responded to threat 13477 | -6/Factory | Core integrity fell below 50% 13630 | -6/Factory | Lost 7 parts (1p3n2u1w) 14301 | -6/Factory | Identified exit to Lower Caves 14301 | -6/Factory | Discovered exit to Lower Caves (range 13) 14970 | -6/Factory | Identified exit to Factory 14970 | -6/Factory | Discovered exit to Factory (range 16) 15396 | -6/Factory | Discovered exit to Factory (range 11) 15882 | -6/Factory | Spotted B-75 Beast 15893 | -6/Factory | Core integrity fell below 20% 15970 | -6/Factory | Destroyed 7 combat bots 15987 | -6/Factory | Lost 9 parts (1p4n2u2w) 16127 | -6/Factory | Sucked down chute 16127 | -6/Factory | Entered Waste 16142 | -6/Waste | EMP discharged 16142 | -6/Waste | Spotted C-40 Crusher 16150 | -6/Waste | Spotted C-40 Crusher 16158 | -6/Waste | Spotted C-40 Crusher 16186 | -6/Waste | Spotted C-40 Crusher 16198 | -6/Waste | Spotted C-40 Crusher 16211 | -6/Waste | Crushed by Compactor (1 part destroyed, 2 dropped) 16216 | -6/Waste | Spotted C-40 Crusher 16242 | -6/Waste | EMP discharged 16242 | -6/Waste | System corruption reached 10% 16318 | -6/Waste | Identified exit to Factory 16318 | -6/Waste | Discovered exit to Factory (range 16) 16336 | -6/Waste | Entered Factory 16361 | -6/Factory | Found Powered Armor 16653 | -6/Factory | Build established: Hacker-Mutant 17010 | -6/Factory | Destroyed by P-60 Hacker with Shock Rifle Last Messages --------------- Leg+. 16809_ K-01 Serf collects debris. 16824_ K-01 Serf cleans the Manufacturing Mainframe. 16829_ System corrupted: Matter fused (-9). 16864_ TLG:WGBGUAFYKGPGQF5Q8&N4ASEQP8W U1 16869_ ALERT: Potential suspicious activity detected, Programmers report to Factory Zone 4E. 16891_ System corrupted: Heat flow error (+257). 16893_ Acquired Adv. Heat Sink. 16919_ System corrupted: Substantial component data lost. 16939_ System corrupted: Energy discharge (-98). 17001_ System corrupted: FCS attempts to trigger Imp. Lightning Gun. 17001_ System corrupted: Imp. Lightning Gun misfires. 17005_ P-60 Hacker resets U-05 Engineer, system corruption cleaned. Map ----- +----------------------------------------------------+ | ????????# #???????????????????????????? | | ????????# #???????????????????????????? | | ????????# #???????????????????????????? | | ????????# #???????????????????????????? | | ????????# #??????????##############???? | | ????????# #??????????# #???? | | ????????# #??????????# #???? | | ????????# #??????????# #???? | | ????????# #??????????# #???? | | ?????##########+####+############ """ """ #???? | | ?????# + # + """ """ #???? | | ?????# # # # """ """ #???? | | ?????# + """" # + #???? | | ?????# """"""" # """" + # """ """ #???? | | ###### """"""" # """" # # """ """ #???? | | """"""" # """" # # """ """ #???? | | """"""" # # # #???? | | # """" # ##############???? | | # """" # #????????????????? | | + """" ]# #????????????????? | | # """" # #????????????????? | | ]! # # #????????????????? | | ! ######### #????????????????? | | ##T ##### #????????????????? | | k #????????????????? | | @ #????????????????? | | #????????????????? | | #????????????????? | | R #????????????????? | | #+################## #????????????????? | | ############ ###+######???????? | | """""" # # ??????? | | """""" # " " " " # ???? | | """""" # " " " " # ???? | | """""" # " " " " # p ??? | | #! " " " " # ??? | | """""" # " " " " # ###+##### #??? | | """"""??# " " " " # # #? #??? | | """"????# " " " " # # !#? #??? | | """"????# " " " " + # #?? #??? | | ?????# " " " " # # """" #???? #??? | | ????# # # """" #????? #??? | | #################+## # """" #?????? #??? | | # ## # """" #???????# #??? | | # """"""" ## # #???????# #### | | # """"""" =## # """" #???????# | | # """"""" ## # """" #???????# | | # """"""" + # """" #???????# | | # ## # """" #???????# % | | ###+####+######## # #???????# | +----------------------------------------------------+ Best States ------------- Heat Dissipation 94 Energy Generation 30 Energy Capacity 500 Matter Stores 300 Matter Capacity 300 Sight Range 16 Terrain Scan Range 20 Terrain Scan Density 10 Armor Coverage 400 Resistance: KI 35 Resistance: TH 35 Resistance: EX 35 Resistance: EM 35 Resistance: I 35 Resistance: S 35 Resistance: P 35 Core Shielding 20 Evasion (%) 55 Core Analysis 6 Recoil Reduction 3 Offensive Hacking 20 Item Schematics ----------------- Adv. Assault Cannon | -8/Recycling | Hacked Imp. EM Pulse Cannon | -8/Recycling | Hacked Robot Schematics ------------------ None Fabricated ------------ Nothing Repaired ---------- Nothing Studied --------- Hvy. Particle Cannon | -6/Factory | Hacked Flexi-carbon Leg | -6/Factory | Hacked Imp. Medium Treads | -6/Factory | Hacked Carbon-fiber Leg | -6/Factory | Hacked Alien Tech Used ----------------- None Achievements -------------- Express Service Myspace Quantum Hacking True Hacker Challenges ------------ None Game ------ Seed MappingThermoelectricBeacon Manual? 0 Play Time 01:42:23 Cumulative 132.7 hours Start 2025.11.21 @ 16:23:18 End 2025.11.21 @ 18:41:07 Sessions 1 Manual Loads 0 Difficulty Explorer Special Mode None Game No. 153 Rogue 0 Adventurer 0 Explorer 153 Win Type - Total 0 Types 0/0/0/0/0/0/0/0/0/0 Lore% 67 Gallery% 65 Achievement% 51 Wizard Run 0 Options --------- Layout 1 ASCII 0 Keyboard 0 Movement Mouse Keybinds 0 Fullscreen 1 Font 24/Smallcaps Map View 50x35 Zoom Use 0% Tactical HUD 1 Map Filters NONE Filters NONE Steam 1 RUN: a9c186ab-96f6-4bcb-b000-c2f7d859449d